AoeStats
← TM Caesar

Arena

506932184Analyzed
2v2 RM · 17d ago on Sep 15, 2026· 50m 8s· 4 players
Game mode
Random Map
Map size
Medium (4 player)
Population
200
Speed
Normal
Resources
Standard
Victory
Conquest
Starting age
Dark Age
Ending age
Imperial Age
RankedLock teamsTeams togetherTeam positionsShared explorationLock speedFull tech treeHidden civsTurbo modeCheats
Victory
Defeat
🇨🇱 Dravidians · Chile
1716
+13
🇨🇱 Khitans · Chile
1582
+18
🇧🇷 Magyars · Brazil
1729
-19
🇦🇷 Mapuche · Argentina
1550
-12
benja23
11:12 Feudal Age
15:19 Castle Age
13:07 Domestication
14:20 Double-Bit Axe
16:18 Bow Saw
16:10 Pastoralism
22:58 Wheelbarrow
24:46 Hand Cart
26:42 Scale Mail Armor
26:03 Pikeman
26:44 Squires
29:28 Imperial Age
27:36 Gold Mining
27:37 Stone Mining
27:31 Pikeman
28:27 Chain Mail Armor
30:45 Plate Mail Armor
30:26 Forging
30:37 Conscription
30:27 Lamellar Armor
31:27 Chemistry
30:14 Heavy Rocket Cart
30:50 Town Watch
33:40 Two-Man Saw
34:28 Transhumance
34:34 Stone Shaft Mining
36:36 Capped Ram
37:36 Siege Engineers
40:03 Elite Skirmisher
42:16 Fletching
42:49 Ballistics
43:13 Bodkin Arrow
44:03 Bracer
44:04 Padded Archer Armor
44:54 Thumb Ring
45:43 Leather Archer Armor
45:13 Heavy Cavalry Archer
47:38 Ring Archer Armor
47:44 Iron Casting
LLaRLLi
10:16 Feudal Age
14:12 Castle Age
12:21 Double-Bit Axe
12:48 Horse Collar
17:03 Wheelbarrow
19:42 Loom
27:14 Imperial Age
25:32 Bow Saw
26:02 Fletching
26:38 Ballistics
27:12 Bodkin Arrow
28:38 Conscription
27:57 Elite Elephant Archer
31:04 Chemistry
30:30 Medical Corps
31:15 Gold Mining
31:36 Bracer
32:13 Padded Archer Armor
32:43 Hand Cart
32:59 Husbandry
34:18 Leather Archer Armor
34:57 Thumb Ring
34:43 Siege Elephant
38:01 Two-Man Saw
37:02 Heavy Plow
39:37 Scale Mail Armor
40:23 Wootz Steel
39:56 Pikeman
41:07 Chain Mail Armor
41:58 Coinage
41:23 Halberdier
42:35 Squires
43:07 Plate Mail Armor
42:48 Forging
44:46 Ring Archer Armor
45:18 Iron Casting
44:34 Arson
47:17 Caravan
48:30 Blast Furnace
49:07 Guilds
49:05 Light Cavalry
50:42 Scale Barding Armor
TM Caesar
10:54 Feudal Age
11:57 Horse Collar
14:25 Castle Age
12:51 Double-Bit Axe
15:21 Bow Saw
21:14 Wheelbarrow
21:45 Heavy Plow
21:43 Town Watch
23:42 Hand Cart
27:45 Imperial Age
25:17 Fletching
25:20 Gold Mining
25:53 Bodkin Arrow
27:01 Gold Shaft Mining
26:47 Padded Archer Armor
27:22 Ballistics
27:44 Leather Archer Armor
27:23 Stone Mining
27:21 Loom
27:22 Treadmill Crane
29:12 Ring Archer Armor
28:11 Elite Bolas Rider
30:14 Conscription
30:06 Butalmapu
30:56 Malon
31:35 Crop Rotation
33:05 Chemistry
34:15 Hoardings
34:11 Masonry
37:47 Architecture
38:31 Siege Engineers
39:52 Scale Mail Armor
39:49 Champi Runner
42:24 Sanctity
44:37 Elite Skirmisher
Fs.Kawan
11:17 Feudal Age
14:54 Castle Age
13:01 Double-Bit Axe
13:09 Horse Collar
16:24 Bow Saw
19:58 Wheelbarrow
21:42 Hand Cart
23:06 Gold Mining
28:11 Imperial Age
26:16 Scale Barding Armor
28:24 Gold Shaft Mining
28:01 Bloodlines
29:02 Chain Barding Armor
28:18 Cavalier
30:42 Plate Barding Armor
30:58 Paladin
32:58 Caravan
33:37 Husbandry
37:00 Two-Man Saw
36:01 Heavy Plow
37:50 Loom
40:59 Masonry
42:42 Fletching
42:52 Padded Archer Armor
43:41 Ballistics
44:22 Chemistry
44:20 Bodkin Arrow
44:51 Elite Skirmisher
45:37 Thumb Ring
45:31 Light Cavalry
47:07 Bracer
47:22 Leather Archer Armor
47:58 Conscription
50:12 Ring Archer Armor
Connection lost

Rejoining the realm…

Still unreachable

The connection could not be restored.

Session expired

The server has moved on; the page needs a fresh start.